 Dungeon Crawl Stone Soup version 0.20.1-1-g8b1a95d (webtiles) character file.

8087 Internecine the Protected (level 11, -7/92 HPs)
             Began as a Minotaur Fighter on Sept 22, 2017.
             Was a Believer of Makhleb.
             Mangled by an orc knight
             ... wielding a +0 halberd of protection
              (12 damage)
             ... on level 1 of the Orcish Mines on Sept 23, 2017.
             The game lasted 02:40:10 (11751 turns).

Internecine the Protected (Minotaur Fighter)       Turns: 11751, Time: 02:40:10

Health: -7/92      AC: 20    Str: 22    XL:     11   Next: 5%
Magic:  11/11      EV:  9    Int:  9    God:    Makhleb [**....]
Gold:   323        SH: 12    Dex: 12    Spells: 7/11 levels left

rFire    . . .     SeeInvis .   r - -3 short sword (curse)
rCold    . . .     Gourm    .   c - +0 shield
rNeg     + . .     Faith    .   I - +6 chain mail {MR+}
rPois    .         Spirit   .   (helmet restricted)
rElec    .         Reflect  .   P - +0 cloak
rCorr    .         Harm     .   (no gloves)
MR       +....                  O - +0 pair of boots
Stlth    ..........             J - amulet of regeneration
Regen    0.7/turn               n - ring of positive energy
MPRegen  0.2/turn               p - +4 ring of intelligence

@: about to teleport
A: retaliatory headbutt, horns 2
a: Minor Destruction, Renounce Religion


You were on level 1 of the Orcish Mines.
You worshipped Makhleb.
Makhleb was pleased with you.
You were not hungry.

You visited 3 branches of the dungeon, and saw 12 of its levels.
You also visited: Ossuary.

You collected 702 gold pieces.
You spent 379 gold pieces at shops.

Inventory:

Hand Weapons
 i - a +3 short sword of protection
 q - a +3 great sword
 r - a cursed -3 short sword (weapon)
 s - a +0 short sword
 w - a +2 dagger of chaos
 y - a +1 glaive
 z - a +2 great sword
 A - a +0 quick blade
 D - a cursed -3 flail
 F - a +0 hand crossbow
 N - a +0 dagger of speed
 R - a +2 long sword of freezing
 V - a +5 vampiric spear
 X - a +0 shortbow
 Y - a cursed +4 hand axe
Missiles
 h - 227 stones (quivered)
 T - 122 arrows
Armour
 c - a +0 shield (worn)
 I - a +6 chain mail of magic resistance (worn)
 O - a +0 pair of boots (worn)
 P - a +0 cloak (worn)
Jewellery
 j - a +2 ring of strength
 k - an uncursed amulet of faith
 n - a ring of positive energy (left hand)
 p - a +4 ring of intelligence (right hand)
 J - an amulet of regeneration (around neck)
Wands
 b - a wand of flame (25/48)
 t - a wand of clouds (5/9)
 x - a wand of iceblast (4/15)
 H - a wand of lightning (4/15)
 L - a wand of confusion (34/48)
 M - a wand of digging (11/24)
 W - a wand of acid (7/15)
Scrolls
 a - a scroll of enchant weapon
 g - 5 scrolls of recharging
 l - 4 scrolls of teleportation
 B - 2 scrolls of blinking
 K - a scroll of identify
Potions
 d - 2 potions of might
 e - 2 potions of lignification
 m - 3 potions of curing
 o - a potion of mutation {unknown}
 v - a potion of resistance
 C - a potion of brilliance
 S - 2 potions of flight
Books
 Q - a book of Maledictions

   Spells                             Type                      Level
   a - Corona                         Hexes                        1
   b - Ensorcelled Hibernation        Hexes/Ice                    2
   c - Confuse                        Hexes                        3
   d - Tukima's Dance                 Hexes                        3
   e - Dazzling Spray                 Conjuration/Hexes            3
 U - a book of Cantrips

   Spells                             Type                      Level
   a - Confusing Touch                Hexes                        1
   b - Animate Skeleton               Necromancy                   1
   c - Summon Small Mammal            Summoning                    1
   d - Apportation                    Translocation                1
Comestibles
 f - 2 bread rations
 u - 4 chunks of flesh
 E - 12 royal jellies


   Skills:
 + Level 7.5 Fighting
 + Level 8.3(9.3) Short Blades
 + Level 7.1(9.2) Long Blades
 + Level 2.4 Polearms
   Level 1.4(4.2) Slings
 + Level 5.8(5.9) Throwing
 + Level 9.6 Armour
 + Level 3.7 Dodging
 + Level 1.3 Stealth
 + Level 9.4 Shields
 + Level 0.9 Spellcasting
 + Level 0.9 Hexes


You had 7 spell levels left.
You knew the following spells:

 Your Spells              Type           Power        Failure   Level  Hunger
a - Corona                Hex            #......      97%         1    ##.....
b - Confuse               Hex            #.......     100%        3    ####...


Dungeon Overview and Level Annotations

Branches:
Dungeon (10/15)            Temple (1/1) D:7             Orc (1/2) D:10
   Lair: D:8-11

Altars:
Ashenzari
Dithmenos
Elyvilon
Fedhas
Gozag
Hepliaklqana
Kikubaaqudgha
Makhleb
Nemelex Xobeh
Okawaru
Qazlal
Sif Muna
Trog
Uskayaw
Vehumet
Xom
Yredelemnul
Zin
The Shining One

Shops:
D:9 =   D:10 %


Innate Abilities, Weirdness & Mutations

You reflexively headbutt those who attack you in melee.
You have a pair of horns on your head.


Message History

The warg barely misses you. You furiously retaliate!
You headbutt the warg. You hit the warg but do no damage.
You headbutt the warg.
The warg is moderately wounded.
The orc knight hits you but does no damage.
You block the warg's attack.
You hit the warg. You headbutt the warg!
The warg is heavily wounded.
The orc warrior hits you but does no damage.
You hit the warg.
The warg is heavily wounded.
You block the warg's attack. The orc knight barely misses you.
You hit the warg. You headbutt the warg!
The warg is almost dead.
The warg barely misses you.
The orc warrior hits you from afar with a glaive!!
* * * LOW HITPOINT WARNING * * *
As you read the scroll of teleportation, it crumbles to dust.
You feel strangely unstable. You block the warg's attack.
The orc knight hits you from afar with a halberd of protection!
You die...

..... #≈.###.#.......##..# (..o.≈
#≈..###.......##...# .....≈
#≈o{..##.##......... ..(oo≈
#≈h4...#.##......#..
.....o3#######oo(#.#.........#...
.....o≈5§≈§§≈≈≈.#(..#......)#....
.....o(.§o.§.o.##oo..............
.#.......o######.#o.......)).....
#....#...(.# #.@ho........<>....
##$...#...## ##.#..#....÷[......
#....##...# ##.........#.#....
#........## ##...............
###.......# #...##...........
###......## ##..#.#..........
##.........# #.......#.......
#..........# #...............
##.#.#......# #...#.##.##......


You could see an orc knight, a warg, an orc sorcerer and an orc warrior.

Vanquished Creatures
  Psyche (D:9)
  2 trolls
  Prince Ribbit (D:8)
  2 hippogriffs
  Sigmund (D:6)
  A vampire (D:10)
  A wyvern (D:10)
  A wraith (D:10)
  Grum (D:8)
  5 yaks (D:10)
  2 hungry ghosts (D:10)
  2 wargs (Orc:1)
  2 orc warriors
  2 black bears
  2 sky beasts
  2 phantoms
  7 ogres
  3 wolves (D:8)
  3 centaurs
  Blork the orc (D:5)
  A big kobold (D:10)
  3 bullfrogs
  2 water moccasin zombies (Ossuary)
  2 scorpions
  2 troll zombies (D:10)
  8 wights
  2 electric eels
  A howler monkey (D:7)
  4 crimson imps
  6 jellies
  Crazy Yiuf (D:2)
  3 bullfrog skeletons
  9 orc priests
  2 centaur skeletons
  2 hounds
  6 orc wizards
  4 iguanas
  Natasha (D:2)
  Terence (D:2)
  Ijyb (D:5)
  5 worker ants
  2 killer bee zombies
  4 ogre zombies (D:10)
  A big kobold zombie (Ossuary)
  3 mummies
  2 worker ant zombies
  10 adders
  A shadow imp (D:8)
  6 oozes
  6 adder zombies
  3 worms
  2 adder skeletons (D:7)
  11 dart slugs
  3 leopard geckos
  19 orcs
  4 giant cockroaches
  3 gnoll zombies (Ossuary)
  7 goblins
  6 hobgoblins
  8 jackals
  14 kobolds
  4 quokkas
  A ball python (D:1)
  4 bats
  8 frilled lizards
  A goblin skeleton (D:10)
  2 hobgoblin skeletons (D:10)
  7 hobgoblin zombies
  5 kobold zombies (Ossuary)
  A leopard gecko skeleton (D:5)
  An orc skeleton (D:10)
  20 orc zombies
  A quokka skeleton (D:9)
  8 rats
286 creatures vanquished.

Vanquished Creatures (others)
  A dart slug (D:6)
1 creature vanquished.

Grand Total: 287 creatures vanquished

Notes
Turn   | Place    | Note
-------+----------+-------------------------------------------
     0 | D:1      | Internecine the Minotaur Fighter began the quest for the Orb.
     0 | D:1      | Reached XP level 1. HP: 19/19 MP: 0/0
   315 | D:1      | Reached XP level 2. HP: 27/27 MP: 1/1
  1055 | D:2      | Reached XP level 3. HP: 31/33 MP: 2/2
  1299 | D:2      | Reached skill level 1 in Throwing
  1341 | D:2      | Noticed Terence
  1363 | D:2      | Killed Terence
  1363 | D:2      | Reached skill level 1 in Short Blades
  1363 | D:2      | Reached XP level 4. HP: 38/40 MP: 3/3
  1490 | D:2      | Found a runed door.
  1494 | D:2      | Noticed Crazy Yiuf
  1508 | D:2      | Killed Crazy Yiuf
  1810 | D:2      | Reached XP level 5. HP: 47/47 MP: 4/4
  1831 | D:2      | Noticed Natasha
  1851 | D:2      | Killed Natasha
  2776 | D:3      | You fall through a shaft for 3 floors!
  2795 | D:5      | Entered Level 5 of the Dungeon
  3227 | D:4      | Reached XP level 6. HP: 53/53 MP: 5/5
  3252 | D:4      | Found a sand-covered staircase.
  3271 | Ossuary  | Entered an ossuary
  3320 | Ossuary  | Reached skill level 5 in Shields
  3576 | Ossuary  | Reached skill level 5 in Armour
  3582 | Ossuary  | Reached skill level 1 in Dodging
  3898 | D:4      | Reached XP level 7. HP: 58/60 MP: 6/6
  4571 | D:5      | Reached skill level 5 in Short Blades
  4580 | D:5      | Noticed Blork the orc
  4589 | D:5      | Killed Blork the orc
  4599 | D:5      | Reached skill level 5 in Fighting
  4763 | D:5      | Found a blossoming altar of Fedhas.
  4876 | D:5      | Found a shimmering altar of Xom.
  4954 | D:5      | Noticed Ijyb
  4967 | D:5      | Killed Ijyb
  5539 | D:6      | Reached XP level 8. HP: 68/68 MP: 7/7
  5580 | D:6      | Noticed a hippogriff
  5596 | D:6      | Killed a hippogriff
  5686 | D:6      | Reached skill level 1 in Slings
  5802 | D:6      | Noticed Sigmund
  5848 | D:6      | Killed Sigmund
  6065 | D:6      | Found a shattered altar of Ashenzari.
  6374 | D:7      | Reached skill level 1 in Stealth
  6390 | D:7      | Reached skill level 5 in Throwing
  6542 | D:7      | Reached XP level 9. HP: 69/75 MP: 8/8
  7204 | D:7      | Found a staircase to the Ecumenical Temple.
  7237 | Temple   | Entered the Ecumenical Temple
  7302 | Temple   | Became a worshipper of Makhleb the Destroyer
  7372 | D:7      | Found an iron altar of Okawaru.
  7534 | D:8      | Found a glowing golden altar of the Shining One.
  7578 | D:8      | Found a basalt altar of Yredelemnul.
  7580 | D:8      | Found a radiant altar of Vehumet.
  7580 | D:8      | Found a hide-covered altar of Uskayaw.
  7580 | D:8      | Found a glowing silver altar of Zin.
  7584 | D:8      | Found a sparkling altar of Nemelex Xobeh.
  7725 | D:8      | Noticed Grum
  7736 | D:8      | Killed Grum
  7747 | D:8      | Reached * piety under Makhleb
  7816 | D:8      | Reached skill level 5 in Long Blades
  7851 | D:8      | Noticed Prince Ribbit
  7864 | D:8      | Killed Prince Ribbit
  8324 | D:9      | Noticed a troll
  8332 | D:9      | Killed a troll
  8332 | D:9      | Reached XP level 10. HP: 74/84 MP: 9/9
  8346 | D:9      | Noticed Psyche
  8360 | D:9      | Killed Psyche
  8706 | D:9      | Found Jeara's Jewellery Shoppe.
  8723 | D:9      | Bought a +2 ring of strength for 82 gold pieces
  8736 | D:9      | Learned a level 1 spell: Corona
  8740 | D:9      | Learned a level 3 spell: Confuse
  8760 | D:9      | Bought a +4 ring of intelligence for 297 gold pieces
  9129 | D:10     | Entered Level 10 of the Dungeon
  9134 | D:10     | Reached skill level 1 in Polearms
 10034 | D:10     | Found Oqoizeqo's Food Boutique.
 10543 | D:10     | Reached ** piety under Makhleb
 10606 | D:10     | Found a staircase to the Orcish Mines.
 11449 | Orc:1    | Entered Level 1 of the Orcish Mines
 11464 | Orc:1    | Reached XP level 11. HP: 88/92 MP: 11/11
 11672 | Orc:1    | Noticed an orc knight
 11676 | Orc:1    | Noticed an orc sorcerer
 11751 | Orc:1    | Mangled by an orc knight

Skill      XL: |  1  2  3  4  5  6  7  8  9 10 |
---------------+-------------------------------+-----
Fighting       | 4 5 6 7 |  7.5
Shields        | 4 5 6 7 9 |  9.4
Armour         | 4 5 6 7 9 |  9.6
Throwing       | 1 2 5 |  5.8
Short Blades   | 1 2 3 4 5 6 7 8 |  8.3
Dodging        | 1 2 3 |  3.7
Slings         | 1 |  1.4
Stealth        | 1 |  1.3
Long Blades    | 6 7 |  7.1
Polearms       | 2 |  2.4
Spellcasting   | |  0.9
Hexes          | |  0.9

Action                   |  1- 3 |  4- 6 |  7- 9 | 10-12 || total
-------------------------+-------+-------+-------+-------++-------
Melee: Short sword       |    94 |   235 |   230 |   447 ||  1006
       Long sword        |     3 |       |   154 |    36 ||   193
       Headbutt          |    11 |    61 |    78 |   155 ||   305
       Spear             |       |       |       |   107 ||   107
 Fire: Hunting sling     |       |       |     5 |       ||     5
Throw: Tomahawk          |    19 |    20 |       |       ||    39
       Stone             |    20 |    28 |   114 |    90 ||   252
Evoke: Wand              |       |       |       |     2 ||     2
  Use: Scroll            |     4 |     1 |    18 |     5 ||    28
       Potion            |       |     1 |     3 |     9 ||    13
  Eat: Chunk             |     1 |     5 |     2 |     2 ||    10
       Fruit             |       |     2 |       |     2 ||     4
       Bread ration      |       |     1 |       |     2 ||     3
       Meat ration       |       |       |     2 |     2 ||     4
       Royal jelly       |       |       |       |     1 ||     1
Armor: Plate armour      |    56 |       |       |       ||    56
       Scale mail        |     1 |       |       |       ||     1
       Chain mail        |       |   116 |   206 |   206 ||   528
Dodge: Dodged            |     8 |    37 |    65 |   127 ||   237
Block: Shield            |    41 |    82 |   174 |   243 ||   540
       Rpst.: Long sword |       |       |     5 |     2 ||     7
